 Dungeon Crawl Stone Soup version 0.21-a0 (webtiles) character file.

1018 Lexie the Magician (level 8, -10/48 HPs)
             Began as an Octopode Wizard on May 19, 2017.
             Was an Initiate of Vehumet.
             Mangled by a two-headed ogre
             ... wielding a +0 giant spiked club
              (20 damage)
             ... on level 5 of the Dungeon.
             The game lasted 00:14:02 (7274 turns).

Lexie the Magician (Octopode Wizard)                Turns: 7274, Time: 00:14:02

Health: -10/48     AC:  1    Str:  7    XL:     8   Next: 22%
Magic:  11/17      EV: 14    Int: 22    God:    Vehumet [......]
Gold:   191        SH:  0    Dex: 10    Spells: 10/19 levels left

rFire    . . .     SeeInvis .   k - +0 dagger
rCold    . . .     Gourm    .   (no shield)
rNeg     . . .     Faith    .   a - +0 hat
rPois    .         Spirit   .   (no amulet)
rElec    .         Reflect  .   (no ring)
rCorr    .         Harm     .   (no ring)
MR       .....                  (no ring)
Stlth    +++.......             (no ring)
Regen    0.2/turn               (no ring)
MPRegen  0.2/turn               (no ring)
                                (no ring)
                                (no ring)

@: no status effects
A: almost no armour, stealthy swim, amphibious, 8 rings, constrict 8, camouflage
1, gelatinous body 1
a: Renounce Religion


You were on level 5 of the Dungeon.
You worshipped Vehumet.
Vehumet was noncommittal.
You were not hungry.

You visited 2 branches of the dungeon, and saw 6 of its levels.

You collected 191 gold pieces.

Inventory:

Hand Weapons
 k - a +0 dagger (weapon)
 p - a cursed -3 dagger
 t - a +0 blowgun
Missiles
 u - 14 poisoned needles
Armour
 a - a +0 hat (worn)
 o - a +0 shield
Wands
 l - a wand of lightning (5/15)
Scrolls
 d - a scroll of enchant weapon {unknown}
 f - 2 scrolls of amnesia {unknown}
 g - 4 scrolls of identify {unknown}
 q - a scroll of teleportation {unknown}
 s - a scroll of magic mapping {unknown}
Potions
 e - a potion of mutation {unknown}
 h - 4 potions of curing {unknown}
 m - a potion of ambrosia {unknown}
 n - 2 potions of heal wounds {unknown}
 r - a potion of lignification {unknown}
Books
 b - a book of Minor Magic

   Spells                             Type                      Level
   a - Magic Dart                     Conjuration                  1
   b - Blink                          Translocation                2
   c - Call Imp                       Summoning                    2
   d - Slow                           Hexes                        2
   e - Conjure Flame                  Conjuration/Fire             3
   f - Mephitic Cloud                 Conjuration/Poison/Air       3
Comestibles
 c - 4 bread rations
 i - a fruit
 v - a royal jelly


   Skills:
 + Level 1.6 Fighting
 + Level 3.1 Dodging
 + Level 3.9 Stealth
 * Level 6.3 Spellcasting
 * Level 5.8 Conjurations
   Level 1.0 Summonings
 - Level 1.0 Translocations


You had 10 spell levels left.
You knew the following spells:

 Your Spells              Type           Power        Failure   Level  Hunger
a - Magic Dart            Conj           ####         1%          1    None
b - Blink                 Tloc           N/A          9%          2    None
c - Conjure Flame         Conj/Fire      ###.....     8%          3    #......
d - Mephitic Cloud        Conj/Pois/Air  ###.....     12%         3    #......


Dungeon Overview and Level Annotations

Branches:
Dungeon (5/15)             Temple (1/1) D:4

Altars:
Ashenzari
Cheibriados
Dithmenos
Elyvilon
Fedhas
Gozag
Hepliaklqana
Kikubaaqudgha
Nemelex Xobeh
Okawaru
Qazlal
Ru
Sif Muna
Trog
Uskayaw
Vehumet
Wu Jian
Xom
Yredelemnul
Zin
The Shining One

Annotations:
D:4 Menkaure


Innate Abilities, Weirdness & Mutations

You cannot wear most types of armour.
You are very stealthy in the water. (Stealth+)
You are amphibious.
You can wear up to eight rings at the same time.
You can use your tentacles to constrict eight enemies at once.
Your skin changes colour to match your surroundings (Stealth+).
Your rubbery body absorbs attacks. (AC +1, EV +1)


Message History

Casting: Conjure Flame
Confirm with . or Enter, or press ? or * to list all spells.
Aiming: Mephitic Cloud
Press: ? - help, Shift-Dir - straight line, f - two-headed ogre
Aim: a two-headed ogre, wielding a giant spiked club and a giant club (flame) That beam is likely to hit you.
Continue anyway?
The ball explodes into a vile cloud!
The stinking cloud engulfs the two-headed ogre.
The stinking cloud engulfs you!
You are engulfed in noxious fumes.
You choke on the stench!
You are confused.
The two-headed ogre is engulfed in blazing flames.
The two-headed ogre hits you with a giant spiked club!
The two-headed ogre hits you with a giant club!
* * * LOW HITPOINT WARNING * * *
You bump into the rock wall.
You are engulfed in noxious fumes.
You feel less confused.
The two-headed ogre is engulfed in blazing flames.
The two-headed ogre hits you with a giant spiked club!!
You die...

...........................#
....######################.#
.............. ............#.#
..(#..).####.######..........##
.(.#(...# #........÷............
...#....####..#####.#############
...+....+....÷..<.....
...#....#####..####.#.#
...#....#.....§O@...#.#
...######.####.###### # ...####
#.# ......# #.. ......# ##.
......# .. ......# .. ......#
......#


You could see a two-headed ogre.

Vanquished Creatures
  Edmund (D:4)
  The ghost of ArtsTyrian the Sneak, an amateur OpWn (D:3)
  2 ogres (D:4)
  A centaur (D:5)
  A scorpion (D:4)
  A howler monkey (D:4)
  2 orc wizards
  2 orc priests
  A gnoll shaman (D:4)
  A hound (D:4)
  A centaur skeleton (D:5)
  An iguana (D:5)
  A worker ant (D:5)
  Robin (D:2)
  3 gnolls (D:4)
  3 adders
  4 oozes
  2 adder skeletons
  4 worms
  A dart slug (D:2)
  3 leopard geckos
  17 orcs
  2 giant cockroaches
  16 goblins
  11 hobgoblins
  2 jackals (D:2)
  3 quokkas
  6 bats
  5 frilled lizards
  9 kobolds
  8 rats
116 creatures vanquished.

Notes
Turn   | Place    | Note
-------+----------+-------------------------------------------
     0 | D:1      | Lexie the Octopode Wizard began the quest for the Orb.
     0 | D:1      | Reached XP level 1. HP: 11/11 MP: 4/4
   221 | D:1      | Reached XP level 2. HP: 17/17 MP: 0/6
   857 | D:1      | Learned a level 2 spell: Blink
  1098 | D:2      | Reached XP level 3. HP: 21/21 MP: 5/8
  1174 | D:2      | Noticed Robin
  1440 | D:2      | Killed Robin
  1605 | D:2      | Reached XP level 4. HP: 27/27 MP: 6/9
  1751 | D:2      | Reached skill level 4 in Spellcasting
  1804 | D:2      | Learned a level 3 spell: Conjure Flame
  1808 | D:2      | Learned a level 3 spell: Mephitic Cloud
  2885 | D:3      | Reached XP level 5. HP: 20/31 MP: 3/11
  3311 | D:3      | Noticed ArtsTyrian's ghost (amateur OpWn)
  3615 | D:3      | Killed ArtsTyrian's ghost
  3615 | D:3      | Reached skill level 5 in Spellcasting
  3615 | D:3      | Reached XP level 6. HP: 20/36 MP: 0/13
  4383 | D:4      | Noticed an ice beast
  4445 | D:4      | Found a staircase to the Ecumenical Temple.
  4446 | D:4      | Noticed Edmund
  4582 | D:4      | Reached XP level 7. HP: 31/41 MP: 8/15
  4645 | D:4      | Reached skill level 5 in Conjurations
  4786 | Temple   | Entered the Ecumenical Temple
  5002 | Temple   | Became a worshipper of Vehumet
  5437 | D:4      | Noticed Menkaure
  6368 | D:4      | Killed Edmund
  6368 | D:4      | Reached skill level 1 in Fighting
  6368 | D:4      | Reached skill level 6 in Spellcasting
  6492 | D:4      | Reached XP level 8. HP: 44/48 MP: 11/17
  6645 | D:5      | Entered Level 5 of the Dungeon
  7272 | D:5      | Noticed a two-headed ogre
  7274 | D:5      | Mangled by a two-headed ogre

Vault maps used:
D:1:      lemuel_arrival_broad_hall
D:2:      first_bread, uniq_robin
D:3:      minmay_diamond_boxcup
D:4:      minmay_temple_entry_purple_smoke, uniq_crazy_yiuf_cottage,
          uniq_edmund, uniq_menkaure
Temple:   roderic_octagonal_lattice_temple

Skill      XL: |  1  2  3  4  5  6  7  8 |
---------------+-------------------------+-----
Conjurations   | 2 3 4 5 |  5.8
Spellcasting   | 4 5 6 |  6.3
Stealth        | 3 |  3.9
Fighting       | 1 |  1.6
Dodging        | 3 |  3.1
Summonings     | |  1.0
Translocations | |  1.0

Action                   |  1- 3 |  4- 6 |  7- 9 || total
-------------------------+-------+-------+-------++-------
Melee: Unarmed           |    14 |       |       ||    14
       Constrict         |     3 |     8 |     7 ||    18
       Tentacles         |     1 |     7 |     4 ||    12
       Dagger            |       |    32 |    26 ||    58
 Cast: Magic Dart        |    81 |   193 |   101 ||   375
       Mephitic Cloud    |       |     6 |    14 ||    20
       Conjure Flame     |       |     2 |     7 ||     9
 Stab: Sleeping          |       |     1 |       ||     1
       Confused          |       |       |     1 ||     1
  Eat: Chunk             |     2 |     9 |     4 ||    15
       Royal jelly       |       |       |     1 ||     1
       Meat ration       |       |       |     1 ||     1
Armor: Skin              |     6 |     3 |     1 ||    10
Dodge: Dodged            |    24 |    28 |    19 ||    71
